 Dungeon Crawl Stone Soup version 0.30-a0-916-g9813417 (webtiles) character file.

Game seed: 638625012659923416

52 Dorkslayer the Trooper (level 3, -8/29 HPs)
             Began as a Demonspawn Fighter on Apr 16, 2023.
             Mangled by a sleepcap (15 damage)
             ... on level 4 of the Dungeon.
             The game lasted 00:04:53 (1618 turns).

Dorkslayer the Trooper (Demonspawn Fighter)         Turns: 1618, Time: 00:04:53

Health: -8/29      AC:  7    Str: 16    XL:     3   Next: 60%
Magic:  3/3        EV:  2    Int: 15    God:
Gold:   133        SH:  0    Dex: 14    Spells: 2/2 levels left

rFire   . . .      SeeInvis .    a - +0 war axe
rCold   . . .      Faith    .    c - +0 buckler
rNeg    . . .      Spirit   .    b - +0 scale mail
rPois   .          Reflect  .    (no helmet)
rElec   .          Rampage  .    (no cloak)
rCorr   .                        (no gloves)
Will    .....                    (no boots) Stlth
                                 (no amulet)
HPRegen 0.24/turn                e - +6 ring of intelligence
MPRegen 0.08/turn                (no ring)

@: mighty, sleeping
A: foul stench 1, sharp scales 1
a: no special abilities


You were on level 4 of the Dungeon.
You visited 1 branch of the dungeon, and saw 6 of its levels.

You collected 133 gold pieces.

Inventory:

Hand Weapons
 a - a +0 war axe (weapon)
Armour
 b - a +0 scale mail (worn)
 c - a +0 buckler (worn)
Jewellery
 e - a +6 ring of intelligence (left hand)
 m - a ring of resist corrosion
Scrolls
 g - 3 scrolls of teleportation {unknown}
 k - 4 scrolls of identify {unknown}
 o - a scroll of silence {unknown}
Potions
 f - a potion of resistance {unknown}
 h - a potion of degeneration {unknown}
 i - 2 potions of curing {unknown}
 j - a potion of invisibility {unknown}
 l - 2 potions of attraction {unknown}
 n - a potion of heal wounds {unknown}
 p - a potion of cancellation {unknown}


   Skills:
 + Level 3.3 Fighting
 + Level 2.2 Axes
 + Level 3.1 Armour
 + Level 1.1 Dodging
 + Level 3.0 Shields


You had 2 spell levels left.
You didn't know any spells.
Your spell library contained the following spells:

 Spells                   Type           Power      Damage    Failure   Level
 Call Canine Familiar     Summ           0%         N/A       98%         3
 Portal Projectile        Hex/Tloc       0%         N/A       98%         3
 Leda's Liquefaction      Hex/Erth       0%         N/A       100%        4


Dungeon Overview and Level Annotations

Branches:
Dungeon (6/15)
 Temple: D:4-7

Altars:

Annotations:
D:2 1 runed translucent door, Crazy Yiuf
D:4 Natasha


Innate Abilities, Weirdness & Mutations

You may rarely emit foul miasma when damaged in melee.
You are partially covered in razor-sharp scales. (AC +1, Slay +1)


Message History

You barely miss the white imp. The white imp completely misses you.
You barely miss the white imp. The white imp hits you.
The white imp freezes you.
You slash the white imp!
The white imp is almost dead.
The white imp gestures at you. The puff of frost hits you.
The white imp gestures at you. The puff of frost hits you!
You barely miss the white imp.
The white imp is severely wounded.
The white imp gestures at you. The puff of frost hits you.
* * * LOW HITPOINT WARNING * * *
You closely miss the white imp.
The white imp is severely wounded.
The white imp closely misses you. The white imp barely misses you.
You slash the white imp!
You kill the white imp!
A sleepcap comes into view.
Found a stone staircase leading down.
An adder comes into view.
Found a ring mail.
The sleepcap barely misses you.
There is a stone staircase leading up here.
The sleepcap barely misses you.
You climb upwards.
You hear the sound of rushing water.
There is an entrance to a sewer on this level.
Hurry and find it before the portal rusts away!
Natasha hisses angrily.
There is a stone staircase leading down here.
You feel very mighty all of a sudden. The sleepcap releases spores at you.
* * * LOW HITPOINT WARNING * * *
You are engulfed in a cloud of soporific spores!
You fall asleep.
Natasha mumbles some strange words.
The sleepcap releases spores at you!
Ouch! That really hurt!
You die...

.# ..#
.5###+####
........#
#h.....#
#......#
#..f...#
#...@..#
#......#
#......#
####+###


You could see a sleepcap, Natasha and a crimson imp (summoned).

Vanquished Creatures
  An adder (D:2)
  A white imp (D:5)
  A worm (D:2)
  A dart slug (D:2)
  5 bats
  An endoplasm (D:1)
  2 giant cockroaches (D:2)
  2 goblins (D:2)
  5 hobgoblins
  4 quokkas
  A ball python (D:2)
  3 frilled lizards
  2 kobolds
  2 rats
31 creatures vanquished.

Vanquished Creatures (others)
  A fungus (D:2)
  84 plants (D:1)
85 creatures vanquished.

Grand Total: 116 creatures vanquished

Notes
Turn   | Place    | Note
-------+----------+-------------------------------------------
     0 | D:1      | Dorkslayer the Demonspawn Fighter began the quest for the
                  | Orb.
     0 | D:1      | Reached XP level 1. HP: 18/18 MP: 1/1
   322 | D:1      | Found a faded altar of an unknown god.
   452 | D:1      | Gained mutation: You may rarely emit foul miasma when
                  | damaged in melee. [demonic ancestry]
   452 | D:1      | Reached XP level 2. HP: 23/24 MP: 2/2
   765 | D:2      | Gained mutation: You are partially covered in razor-sharp
                  | scales. (AC +1, Slay +1) [demonic ancestry]
   765 | D:2      | Reached XP level 3. HP: 29/29 MP: 3/3
  1076 | D:2      | Reached skill level 1 in Dodging
  1099 | D:2      | Found a runed translucent door.
  1100 | D:2      | Noticed Crazy Yiuf
  1580 | D:3      | You fall into a shaft and drop 3 floors!
  1587 | D:5      | Entered Level 5 of the Dungeon
  1616 | D:4      | Noticed Natasha
  1618 | D:4      | Mangled by a sleepcap

Illustrated notes

Levels and vault maps discovered:
D:1:      roderic_crop_circles_arrival_small, layout_loops_cross,
          chequers_ecumenical_altar_simple_redux, minmay_octomino_j4
D:2:      layout_loops_ring, grunt_ministairs_10, st_stairs_13,
          reono_crystal_passage, mrwooster_statue_mirror, nicolae_eternal_life,
          minmay_splitting_lines, small_statue_intersection,
          uniq_crazy_yiuf_cottage
D:3:      layout_basic, mainiacjoe_overflow_six_doors_small, bloody_makhleb,
          jmf_multi_god_temple2, kennysheep_jessica_study
D:4:      layout_basic, regret_index_temple_of_mockery,
          nicolae_dithmenos_shadow_blocks, kiku_gazebo_pond_becter,
          gammafunk_ghost_icy, portal_sewer_entry_e, nrook_mini_vaults,
          uniq_duvessa, uniq_natasha
D:5:      layout_rooms, fiery_altar_vehumet,
          minmay_temple_entry_enclosed_plants, doesnt_shop_hydraphobe
D:6:      layout_basic, mainiacjoe_overflow_paths, serial_shops,
          kennysheep_mini_moat, uniq_grinder

Skill      XL: |  1  2  3 |
---------------+----------+-----
Axes           | 2 |  2.2
Shields        | 3 |  3.0
Dodging        | 1 |  1.1
Armour         | 3 |  3.1
Fighting       | |  3.3

Action                     || total
---------------------------++-------
  Melee: War axe           ||   161
    Use: Potion            ||     1
 Armour: Scale mail        ||    42
  Dodge: Dodged            ||    44
  Block: Buckler           ||    24

Table legend: (Time is in decaauts)
 A = Elapsed time spent in this place.
 B = Non-inter-level travel time spent in this place.
 C = Inter-level travel time spent in this place.
 D = Time resting spent in this place.
 E = Time spent auto-exploring this place.
 F = Levels seen in this place.
 G = Mean time per level.
                   A        B        C        D        E       F      G
               +--------+--------+--------+--------+--------+-----+--------+
         Total |   1687 |   1687 |      0 |      0 |    638 |   6 |  281.2 |
       Dungeon |   1687 |   1687 |      0 |      0 |    638 |   6 |  281.2 |
               +--------+--------+--------+--------+--------+-----+--------+

Top non-repeatable levels by time:
     D:2: 866 daAuts
     D:1: 688 daAuts
     D:3: 90 daAuts
     D:5: 33 daAuts
     D:6: 6 daAuts
     D:4: 1 daAuts
